 Dungeon Crawl Stone Soup version 0.30.1-4-g462c640d31 (webtiles) character file.

Game seed: 13359097329799650296

161 hawla the Firebug (level 6, 0/45 HPs)
             Began as a Meteoran Fire Elementalist on Aug 15, 2023.
             Slain by an orc priest
             ... wielding a +0 club
              (3 damage)
             ... on level 4 of the Dungeon.
             The game lasted 00:05:29 (507 turns).

hawla the Firebug (Meteoran Fire Elementalist)       Turns: 507, Time: 00:05:30

Health: 0/45       AC:  2    Str: 10    XL:     6   Next: 2%
Magic:  3/12       EV: 13    Int: 26    God:
Gold:   0          SH:  0    Dex: 15    Spells: 4/11 levels left

rFire   + . .        c - staff of fire "Titiut" {Fragile rPois rF+ Will- Int+8 Stlth+}
rCold   . . .        (no shield)
rNeg    . . .        a - +0 robe
rPois   +            (helmet restricted)
rElec   .            (no cloak)
rCorr   .            (no gloves)
SInv    .            (no boots)
Will    .....        (no amulet)
Stlth   +            (no ring)
HPRegen 0.27/turn    (no ring)
MPRegen 0.13/turn

%: no passive effects
@: very slightly contaminated, glowing
A: sense surroundings 1, otherworldly, glowing, explore regen, antennae 1,
talons 1, deterioration 1
a: no special abilities


You were on level 4 of the Dungeon.
You visited 1 branch of the dungeon, and saw 4 of its levels.

Inventory:

Armour
 a - a +0 robe (worn)
Magical Staves
 c - the staff of fire "Titiut" (weapon) {Fragile rPois rF+ Will- Int+8 Stlth+}
   (You acquired it on level 4 of the Dungeon)

   [staff of fire]

   Base accuracy: +5 Base damage: 5 Base attack delay: 1.2 This weapon's minimum
   attack delay (0.6) is reached at skill level 12.
   Int:       It affects your intelligence (+8).
   rF:        It protects you from fire.
   rPois:     It protects you from poison.
   Fragile:   It will be destroyed if unequipped.
   Will:      It decreases your willpower.
   Stlth:     It makes you more stealthy.
   It falls into the 'Staves' category.
   It is a one-handed weapon.
Scrolls
 b - a scroll of vulnerability
 d - a scroll of enchant weapon {unknown}


   Skills:
 + Level 1.3 Staves
 - Level 3.2 Dodging
 - Level 1.4 Stealth
 - Level 3.4 Spellcasting
 + Level 4.0 Conjurations
 - Level 4.7 Fire Magic


You had 4 spell levels left.
You knew the following spells:

 Your Spells              Type           Power      Damage    Failure   Level
a - Foxfire               Conj/Fire      100%       2x1d9     1%          1
b - Scorch                Fire           86%        2d9       1%          2
c - Flame Wave            Conj/Fire      41%        2d11      14%         4

Your spell library contained the following spells:

 Spells                   Type           Power      Damage    Failure   Level
 Inner Flame              Hex/Fire       25%        N/A       11%         3
 Volatile Blastmotes      Fire/Tloc      50%        2d14      11%         3


Dungeon Overview and Level Annotations

Branches:
Dungeon (4/15) Zot: 1889
 Temple: D:4-7

Altars:


Innate Abilities, Weirdness & Mutations

You passively map a small area around you.
You are easily found by Zot.
You glow in the dark.
You regain HP and MP as you explore.
You have a pair of small antennae on your head.
You have sharp toenails.
Your body sometimes deteriorates upon taking damage.


Message History

It was a potion of mutation.
You feel extremely strange.
Your toenails lengthen and sharpen.
You feel yourself wasting away. A pair of antennae grows on your head!
The orc priest hits you with a +0 club.
* * * LOW HITPOINT WARNING * * *
Unknown command.
Something hits you.
* * * LOW HITPOINT WARNING * * *
The orc throws a stone.
The stone barely misses you.
The orc priest attacks as you move away!
The orc priest hits you with a +0 club.
* * * LOW HITPOINT WARNING * * *
You bump into the rock wall.
Something hits you.
* * * LOW HITPOINT WARNING * * *
Something hits you but does no damage.
You're too confused to move!
Something hits you.
* * * LOW HITPOINT WARNING * * *
An orc priest comes into view. It is wielding a +0 trident.
The orc hits you with a +0 short sword.
* * * LOW HITPOINT WARNING * * *
You are too confused!
You closely miss something.
The orc priest shouts!
Your kick misses something.
You feel less confused. Something hits you.
* * * LOW HITPOINT WARNING * * *
The orc priest miscasts a cantrip.
The orc misses you.
Casting: Foxfire (safe; 1% risk of failure)
Confirm with . or Enter, or press ? or * to list all spells.
The spell is quite dangerous to miscast (14% risk of failure)!
Continue anyway?
Casting: Flame Wave (quite dangerous; 14% risk of failure)
Press: ? - help, Dir - look around, f - activate You feel a surge of power!
You miscast Flame Wave.
You are very lightly contaminated with residual magic.
Nothing appears to happen.
Something hits you.
* * * LOW HITPOINT WARNING * * *
The orc priest hits you with a +0 club.
You die...

** * ** * , ** , # ######
*.# ####....## #########.#
####@og.....# ....).....#
#...{oK...#.#
.#####.<..##..###Ko⌠..#.#
#....##. #.o...#.#
.........# #.....#.## *
#........K####o.##....####
#...>....ooK†.>###..#.....*
,*
#.##....[#####.###....###.
.. ...................# ,*


You could see 2 orc priests, 3 orcs, a goblin and 2 kobolds.

Vanquished Creatures
  9 gnolls (D:4)
  2 adders (D:2)
  A dart slug (D:3)
  7 orcs
  2 ball pythons
  A bat (D:2)
  3 endoplasms
  A giant cockroach (D:1)
  3 goblins
  6 hobgoblins
  4 jackals (D:4)
  2 frilled lizards
  5 kobolds
  3 rats
49 creatures vanquished.

Vanquished Creatures (others)
  54 foxfires
54 creatures vanquished.

Grand Total: 103 creatures vanquished

Notes
Turn   | Place    | Note
-------+----------+-------------------------------------------
     0 | D:1      | hawla the Meteoran Fire Elementalist began the quest for
                  | the Orb.
     0 | D:1      | Reached XP level 1. HP: 14/14 MP: 5/5
    24 | D:1      | Reached XP level 2. HP: 18/20 MP: 1/6
    27 | D:1      | Learned a level 2 spell: Scorch
    68 | D:2      | Found a faded altar of an unknown god.
    75 | D:2      | Reached XP level 3. HP: 22/26 MP: 1/8
   143 | D:2      | Identified the +8 trident of the Inviting Pill Bug {freeze,
                  | rF- Str+4}
   212 | D:3      | Reached XP level 4. HP: 30/33 MP: 2/9
   248 | D:4      | Identified a scroll of acquirement
   248 | D:4      | Acquired the staff of fire "Titiut" {Fragile rPois rF+
                  | Will- Int+8 Stlth+}
   300 | D:4      | Learned a level 4 spell: Flame Wave
   341 | D:4      | Reached XP level 5. HP: 4/38 MP: 0/11
   428 | D:4      | Reached skill level 1 in Staves
   472 | D:4      | Reached XP level 6. HP: 45/45 MP: 4/12
   500 | D:4      | Gained mutation: You have sharp toenails. [potion of
                  | mutation]
   500 | D:4      | Gained mutation: Your body sometimes deteriorates upon
                  | taking damage. [potion of mutation]
   500 | D:4      | Gained mutation: You have a pair of small antennae on your
                  | head. [potion of mutation]
   507 | D:4      | Slain by an orc priest

Illustrated notes

Levels and vault maps discovered:
D:1:      co_arrival_random_square_maze, layout_rooms, serial_shops,
          shop_scrolls, st_stairs_2
D:2:      layout_loops_ring, serial_shops, shop,
          shapermc_ecumenical_altar_ellora
D:3:      layout_rooms, cheibrodos_sewer_entry_drain, minmay_circle_x
D:4:      corexii_shantytown, layout_loops_ring,
          mainiacjoe_overflow_tiny_flanked, minmay_misc_feat_tower,
          solitary_fountain, grunt_ministairs_7, kennysheep_generic_room_13

Skill      XL: |  1  2  3  4  5 |
---------------+----------------+-----
Fire Magic     | 4 |  4.7
Spellcasting   | 3 |  3.4
Dodging        | 3 |  3.2
Conjurations   | 2 4 |  4.0
Staves         | 1 |  1.3
Stealth        | |  1.4

Action                     |  1- 3 |  4- 6 || total
---------------------------+-------+-------++-------
  Melee: Unarmed           |    11 |       ||    11
         Staff             |       |    26 ||    26
   Cast: Foxfire           |    19 |    15 ||    34
         Scorch            |     5 |     9 ||    14
         Flame Wave        |       |     4 ||     4
    Use: Potion            |     1 |     2 ||     3
         Scroll            |       |     3 ||     3
 Armour: Robe              |     2 |    10 ||    12
  Dodge: Dodged            |    11 |    15 ||    26
